 Dungeon Crawl Stone Soup version 0.32-a0-799-g95e1662 (webtiles) character file.

Game seed: 5853590573751354757

11752 Carva the Basher (level 11, -8/71 HPs)
             Began as a Gargoyle Fighter on Mar 21, 2024.
             Was a Priest of the Shining One.
             Mangled by a cane toad (9 damage)
             ... on level 11 of the Dungeon.
             The game lasted 00:52:43 (14245 turns).

Carva the Basher (Gargoyle Fighter)                Turns: 14245, Time: 00:52:44

Health: -8/71      AC: 32    Str: 23    XL:     11   Next: 82%
Magic:  13/16      EV: 10    Int: 10    God:    the Shining One [***...]
Gold:   725        SH: 18    Dex:  9    Spells: 10/10 levels left

rFire   . . .        E - +0 morningstar
rCold   . . .        x - +0 kite shield
rNeg    + + .        z - +0 plate armour
rPois   ∞            L - +0 helmet
rElec   +            M - +1 cloak {rPois}
rCorr   .            H - +0 pair of gloves
SInv    .            m - +0 pair of boots
Will    .....        (no amulet) Stlth
                     N - +5 ring of evasion
HPRegen 0.31/turn    y - +4 ring of protection
MPRegen 0.15/turn

%: no passive effects
@: divinely shielded, glowing
A: sickness immunity, AC +8, negative energy resistance 1, electricity
resistance, torment resistance 1, petrification resistance
a: Renounce Religion, Divine Shield, Cleansing Flame


You were on level 11 of the Dungeon.
You worshipped the Shining One.
The Shining One was most pleased with you.
You visited 3 branches of the dungeon, and saw 14 of its levels.
You also visited: Sewer.

You collected 725 gold pieces.

Inventory:

Hand Weapons
 a - a +0 flail
 E - a +0 morningstar (weapon)
 R - a +0 dire flail of protection
 T - the +8 dagger "Mommuynot" {freeze, Will+++ Str+5 Dex-5}
   (You found it on level 8 of the Dungeon)

   Str+5:     It affects your strength (+5).
   Dex-5:     It affects your dexterity (-5).
   Will+++:   It greatly increases your willpower.
Missiles
 f - 29 poisoned darts (quivered)
 B - 2 curare-tipped darts {!f}
Armour
 b - a +0 scale mail
 m - a +0 pair of boots (worn)
 x - a +0 kite shield (worn)
 z - a +0 plate armour (worn)
 H - a +0 pair of gloves (worn)
 L - a +0 helmet (worn)
 M - a +1 cloak of poison resistance (worn)
Jewellery
 c - a +5 ring of evasion
 l - a +6 ring of intelligence
 y - a +4 ring of protection (right hand)
 F - a ring of ice
 N - a +5 ring of evasion (left hand)
 W - a ring of fire
Wands
 q - a wand of roots (35)
 U - a wand of charming (5)
 X - a wand of mindburst (7)
Scrolls
 h - 5 scrolls of blinking
 i - a scroll of teleportation
 j - 2 scrolls of vulnerability {unknown}
 n - 3 scrolls of enchant armour {unknown}
 s - 2 scrolls of silence
 w - 2 scrolls of brand weapon {unknown}
 C - 2 scrolls of immolation {unknown}
 G - 3 scrolls of amnesia
 I - 3 scrolls of fog {unknown}
 J - 2 scrolls of fear {unknown}
 K - 3 scrolls of noise
 O - 2 scrolls of revelation {unknown}
 P - 2 scrolls of torment {unknown}
 S - 2 scrolls of identify
Potions
 d - 3 potions of cancellation
 e - 3 potions of lignification {unknown}
 g - a potion of brilliance
 k - 5 potions of curing
 o - 4 potions of attraction
 p - 2 potions of haste {unknown}
 r - 2 potions of magic
 t - 2 potions of heal wounds {unknown}
 u - a potion of experience {unknown}
 v - 3 potions of berserk rage {unknown}
 A - a potion of mutation {unknown}
 D - 2 potions of enlightenment {unknown}
 Q - a potion of invisibility {unknown}
 V - a potion of degeneration {unknown}


   Skills:
 + Level 9.1 Fighting
 * Level 11.2 Maces & Flails
 + Level 9.2 Armour
 + Level 9.0 Shields
 + Level 7.4 Invocations


You had 10 spell levels left.
You didn't know any spells.
Your spell library contained the following spells:

 Spells                   Type           Power      Damage    Failure   Level
 Apportation              Tloc           0%         N/A       100%        1
 Static Discharge         Conj/Air       0%         3-3/arc   100%        2
 Dazzling Flash           Conj/Hex       0%         N/A       100%        3
 Gell's Gravitas          Tloc           0%         N/A       100%        3
 Stone Arrow              Conj/Erth      0%         3d7       100%        3
 Teleport Other           Tloc           0%         N/A       100%        3
 Animate Armour           Summ/Erth      0%         N/A       100%        4
 Ignite Poison            Fire/Alch      0%         N/A       100%        4
 Freezing Cloud           Conj/Ice/Air   0%         6-21      100%        5
 Conjure Ball Lightning   Conj/Air       0%         3x3d6     100%        6
 Dispersal                Tloc           0%         N/A       100%        6
 Starburst                Conj/Fire      0%         6d3       100%        6
 Discord                  Hex            0%         N/A       100%        8
 Disjunction              Tloc           0%         N/A       100%        8
 Lehudib's Crystal Spear  Conj/Erth      0%         10d2      100%        8
 Maxwell's Capacitive Co  Air            0%         ∞         100%        8
 Cigotuvi's Dreadful Rot  Necr/Alch/Air  Unusable   N/A       N/A         2

Dungeon Overview and Level Annotations

Branches:
Dungeon (12/15)            Temple (1/1) D:4            Lair (1/5) D:11
    Orc (0/2) D:10          Sewer (visited)

Altars:
Ashenzari
Cheibriados
Dithmenos
Elyvilon
Fedhas
Gozag
Hepliaklqana
Kikubaaqudgha
Makhleb
Nemelex Xobeh
Okawaru
Qazlal
Ru
Sif Muna
Trog
Uskayaw
Vehumet
Wu Jian
Xom
Yredelemnul
Zin
The Shining One
Beogh

Shops:
D:1 (   D:5 *

Annotations:
D:7 3 runed translucent doors, exclusion: statue, Dwayden's ghost, novice MDSu


Innate Abilities, Weirdness & Mutations

You are immune to sickness and miasma.
Your stone body is resilient. (AC +8)
You are immune to poison.
You resist negative energy. (rN+)
You are resistant to electric shocks. (rElec)
You are resistant to unholy torment.
You are immune to petrification.


Message History

The cane toad barely misses you. x2
The cane toad attacks as it pursues you!
The cane toad stings you but does no damage. x2
The cane toad attacks as it pursues you!
The cane toad stings you.
The cane toad attacks as it pursues you!
The cane toad stings you but does no damage.
The cane toad attacks as it pursues you!
You block the cane toad's attack.
The cane toad attacks as it pursues you!
You block the cane toad's attack. x2; The cane toad barely misses you.
The cane toad attacks as it pursues you!
You block the cane toad's attack.
The cane toad attacks as it pursues you!
The cane toad stings you.
The cane toad attacks as it pursues you!
You block the cane toad's attack. The cane toad stings you!
There is a staircase back to the Dungeon here.
The cane toad stings you but does no damage.
You block the cane toad's attack.
You climb upwards.
Welcome back to the Dungeon!
There is a staircase to the Lair here.
You hit the cane toad but do no damage.
The cane toad is heavily wounded.
The cane toad stings you but does no damage. x2
The cane toad barely misses you.
You puncture the cane toad!
The cane toad is almost dead.
The cane toad stings you!
* * * LOW HITPOINT WARNING * * *
The cane toad stings you!
* * * LOW HITPOINT WARNING * * *
You are too injured to fight recklessly!
You are too injured to fight recklessly!
You are too injured to fight recklessly!
Your shield is strengthened by the Shining One's divine power.
The cane toad stings you!
* * * LOW HITPOINT WARNING * * *
You block the cane toad's attack. The cane toad stings you!
You die...

#..#######.## ##.## #####.###
#..# #.......# #######
#########.#####.###.#.# ......#
#............##.###.#.#
#####.####.#.................#.##
#....#.............#.##.....÷
####..#.#....#F.........##....##
##.........†.#..@.....#........#
...##.........#F..#....####...##
#####....#............## ##.##
......#.##........†...## #.#
#######.###.........#..# #.# #.#
##.........### ##'## #.#
#.######..# ##...## ####.# #.#
####..# ##.....## ##.##.# #.#
#.....# ##.......#


You could see 2 cane toads.

Vanquished Creatures
  A skeletal warrior (D:8)
  A manticore (D:11)
  2 unseen horrors
  3 cane toads
  A kobold demonologist (D:10)
  A troll (D:11)
  8 blink frogs
  Sigmund (D:5)
  A shadow (D:12)
  5 yaks (D:11)
  4 wraiths
  A steam dragon (D:7)
  An acid dragon (D:10)
  3 water moccasins
  Duvessa (D:4)
  8 orc warriors
  A sky beast (D:7)
  2 ice beasts (D:7)
  3 black bears
  The ghost of Forbies the Conjurer, an amateur DrCj (D:3)
  3 centaurs
  An ogre (D:7)
  2 phantoms
  4 kobold brigands
  3 gnoll sergeants
  7 bullfrogs
  3 scorpions
  12 wights
  Dowan (D:4)
  4 killer bees
  5 howler monkeys
  A bombardier beetle (D:7)
  2 hounds
  A jelly (D:6)
  7 orc priests
  4 sleepcaps (D:5)
  A gnoll bouda (D:7)
  Crazy Yiuf (D:6)
  An iguana (D:7)
  10 orc wizards
  The ghost of 1n5z the Apothecary, a weakling DEAl (D:3)
  9 gnolls
  9 adders
  6 river rats
  2 shadow imps (D:7)
  2 white imps
  An ufetubus (D:7)
  5 dart slugs
  3 ribbon worms
  58 orcs
  14 ball pythons
  9 endoplasms
  8 giant cockroaches
  9 goblins
  11 hobgoblins
  7 jackals
  32 kobolds
  6 quokkas
  5 bats
  3 frilled lizards
  33 rats
355 creatures vanquished.

Notes
Turn   | Place    | Note
-------+----------+-------------------------------------------
     0 | D:1      | Carva the Gargoyle Fighter began the quest for the Orb.
     0 | D:1      | Reached XP level 1. HP: 14/14 MP: 1/1
    31 | D:1      | Reached XP level 2. HP: 9/19 MP: 2/2
    92 | D:1      | Found Fuykkaen's Antique Weapon Shoppe.
   353 | D:1      | Reached XP level 3. HP: 19/23 MP: 3/3
  1006 | D:2      | Reached skill level 3 in Maces & Flails
  1006 | D:2      | Reached XP level 4. HP: 26/29 MP: 4/4
  2188 | D:3      | Found a glowing drain.
  2202 | Sewer    | Entered a sewer
  2237 | Sewer    | Noticed a kobold brigand
  2272 | Sewer    | Killed a kobold brigand
  2273 | Sewer    | Reached XP level 5. HP: 32/33 MP: 5/5
  2392 | Sewer    | Reached skill level 4 in Maces & Flails
  2446 | Sewer    | Reached XP level 6. HP: 16/38 MP: 6/6
  3150 | D:3      | Found a runed translucent gate.
  3151 | D:3      | Found a runed translucent gate.
  3151 | D:3      | Found a runed translucent gate.
  3152 | D:3      | Noticed 1n5z's ghost (weakling DEAl)
  3153 | D:3      | Noticed Forbies's ghost (amateur DrCj)
  3818 | D:3      | Killed Forbies's ghost
  3819 | D:3      | Reached XP level 7. HP: 12/44 MP: 7/7
  3820 | D:3      | Killed 1n5z's ghost
  4081 | D:4      | Found a staircase to the Ecumenical Temple.
  4198 | Temple   | Entered the Ecumenical Temple
  4208 | Temple   | Became a worshipper of the Shining One
  4730 | D:4      | Reached skill level 5 in Maces & Flails
  5310 | D:5      | Entered Level 5 of the Dungeon
  5569 | D:4      | HP: 2/44 [gnoll sergeant/+1 spear of flaming (3)]
  5572 | D:4      | Reached skill level 5 in Fighting
  5572 | D:4      | Reached skill level 5 in Shields
  5747 | D:5      | Reached skill level 5 in Armour
  5816 | D:5      | Reached skill level 1 in Invocations
  6291 | D:5      | Found Iphokugrant's Lightly-Used Armoury.
  6314 | D:5      | Noticed Sigmund
  6340 | D:4      | Reached XP level 8. HP: 38/49 MP: 9/9
  6446 | D:5      | Noticed Duvessa
  6488 | D:5      | Noticed Dowan
  6534 | D:4      | Killed Duvessa
  6535 | D:4      | Reached skill level 6 in Maces & Flails
  6725 | D:4      | Killed Dowan
  6854 | D:5      | Killed Sigmund
  7800 | D:6      | Reached skill level 7 in Maces & Flails
  7800 | D:6      | Reached XP level 9. HP: 55/55 MP: 11/11
  8104 | D:6      | Reached * piety under the Shining One
  8298 | D:6      | Found a runed translucent door.
  8299 | D:6      | Noticed Crazy Yiuf
  8304 | D:6      | Killed Crazy Yiuf
  8400 | D:7      | Identified the +1 dagger of Oniaroann {freeze, +Blink rCorr
                  | Int+2 Dex-4}
  8408 | D:7      | Found the +8 demon blade "Leech" {evervamp, Harm ^Drain
                  | rN+}
  8461 | D:7      | You fall into a shaft and drop 1 floor!
  8605 | D:7      | Found a runed translucent gate.
  8605 | D:7      | Identified the +1 chain mail of the Dolphin {+Blink rPois
                  | rF- Int+3}
  8605 | D:7      | Noticed Dwayden's ghost (novice MDSu)
  8607 | D:7      | Found a runed translucent gate.
  8608 | D:7      | Found a runed translucent gate.
  8935 | D:7      | Reached skill level 8 in Maces & Flails
  9331 | D:7      | Reached XP level 10. HP: 59/63 MP: 13/13
  9479 | D:7      | Found a radiant altar of Vehumet.
  9640 | D:7      | Found a roughly hewn altar of Beogh.
  9684 | D:8      | Reached ** piety under the Shining One
  9699 | D:7      | Reached skill level 5 in Invocations
 10112 | D:8      | Noticed a skeletal warrior
 10129 | D:8      | Killed a skeletal warrior
 10130 | D:8      | Reached skill level 9 in Maces & Flails
 10196 | D:8      | Found the +5 scythe "Finisher" {speed, execute}
 10828 | D:8      | Identified the +8 dagger "Mommuynot" {freeze, Will+++ Str+5
                  | Dex-5}
 11253 | D:9      | Reached *** piety under the Shining One
 11463 | D:9      | Found a snail-covered altar of Cheibriados.
 11585 | D:10     | Entered Level 10 of the Dungeon
 11586 | D:10     | Noticed an unseen horror
 11611 | D:9      | Killed an unseen horror
 11846 | D:10     | Noticed a kobold demonologist
 11861 | D:10     | Killed a kobold demonologist
 11862 | D:10     | Reached skill level 10 in Maces & Flails
 11862 | D:10     | Reached XP level 11. HP: 66/68 MP: 15/15
 11955 | D:10     | Found a staircase to the Orcish Mines.
 12224 | D:10     | Found a shimmering blue altar of Sif Muna.
 12228 | D:10     | Got Xomed's Incunabulum of Translocational Turbulence
 12854 | D:11     | Found a staircase to the Lair.
 12856 | D:11     | Noticed a manticore
 12910 | D:11     | Killed a manticore
 13429 | D:12     | Noticed a centaur warrior
 13443 | D:12     | Noticed a cyclops
 13830 | Lair:1   | Entered Level 1 of the Lair of Beasts
 13977 | Lair:1   | Reached skill level 11 in Maces & Flails
 14245 | D:11     | HP: 1/71 [cane toad (11)]
 14245 | D:11     | Mangled by a cane toad

Illustrated notes

Levels and vault maps discovered:
D:1:      mrwooster_arrival_statue_3, layout_basic, serial_shops,
          nicolae_shop_waterfront
D:2:      minmay_recursive_quarters, layout_loops_ring, minmay_cut_off
D:3:      layout_basic, gammafunk_ghost_cemetery,
          mainiacjoe_sewer_entry_somewhere_in_here_1
D:4:      layout_layer_cave, temple_green
D:5:      minmay_general_purpose_star, layout_loops_ring, minmay_shop_damaged,
          uniq_sigmund, uniq_duvessa
D:6:      layout_loops_ring, serial_aquarium, aquarium_bridge_square
          [aquarium_subvault_bridge, aquarium_subvault_bridge,
          aquarium_subvault_balcony, aquarium_subvault_window],
          aquarium_window_1, aquarium_window_corridor_3, aquarium_window_1,
          aquarium_window_fake, aquarium_view_2c, aquarium_balcony_1b,
          uniq_crazy_yiuf_cottage
D:7:      minmay_thinvault, layout_basic, vehumet_statue,
          biasface_ghost_orc_armoury
D:8:      layout_gridville, special_room [special_room_orc],
          minmay_guarded_unrand_finisher
D:9:      layout_rooms, kennysheep_mini, minmay_misc_feat_ornament
D:10:     layout_big_octagon, david_orc_2, serial_library,
          serial_library_hellmonk_hallway_a, serial_library_hellmonk_room_c,
          serial_library_hellmonk_room_b, serial_library_hellmonk_open_square,
          serial_library_hellmonk_room_a, serial_library_hellmonk_narrow_alcove,
          serial_library_hellmonk_hallway_b
D:11:     layout_loops_corners, dpeg_lair_monsters, hangedman_decor_lopped,
          moated_statue
D:12:     layout_cave_pools, portal_ice_cave_entry_pillars_2,
          minmay_beelzebubs_servants, uniq_nessos
Temple:   nicolae_temple_slightly_damp_pantheon
Lair:1:   minmay_lair_oklob_chamber, layout_gridlike, serial_bayou_ford_a,
          st_stairs_13

Skill      XL: |  1  2  3  4  5  6  7  8  9 10 11 |
---------------+----------------------------------+-----
Maces & Flails | 3 4 5 7 8 10 11 | 11.2
Fighting       | 4 5 6 7 8 9 |  9.1
Shields        | 4 5 6 7 8 9 |  9.0
Armour         | 4 5 6 7 8 9 |  9.2
Invocations    | 1 3 4 6 7 |  7.4

Action                     |  1- 3 |  4- 6 |  7- 9 | 10-12 || total
---------------------------+-------+-------+-------+-------++-------
  Melee: Flail             |   135 |   303 |   163 |       ||   601
         Morningstar       |       |       |   259 |   492 ||   751
  Throw: Dart              |       |     2 |     7 |       ||     9
 Invoke: Divine Shield     |       |       |       |     5 ||     5
    Use: Scroll            |       |     4 |     5 |     3 ||    12
         Potion            |       |     3 |     1 |       ||     4
 Armour: Scale mail        |   139 |   202 |   164 |       ||   505
         Plate armour      |       |       |   246 |   424 ||   670
         Skin              |       |       |     1 |       ||     1
  Dodge: Dodged            |    69 |   137 |   157 |   233 ||   596
  Block: Buckler           |    42 |    54 |    40 |       ||   136
         Kite shield       |       |       |   131 |   362 ||   493

Table legend: (Time is in decaauts)
 A = Elapsed time spent in this place.
 B = Non-inter-level travel time spent in this place.
 C = Inter-level travel time spent in this place.
 D = Time resting spent in this place.
 E = Time spent auto-exploring this place.
 F = Levels seen in this place.
 G = Mean time per level.
                   A        B        C        D        E       F      G
               +--------+--------+--------+--------+--------+-----+--------+
         Total |  14594 |  13865 |    729 |   1793 |   8283 |  15 |  972.9 |
       Dungeon |  13388 |  12677 |    711 |   1732 |   7827 |  12 | 1115.7 |
        Temple |     20 |      2 |     18 |      0 |      0 |   1 |   20.0 |
          Lair |    199 |    199 |      0 |      0 |     43 |   1 |  199.0 |
         Sewer |    986 |    986 |      0 |     61 |    412 |   1 |  986.0 |
               +--------+--------+--------+--------+--------+-----+--------+

Top non-repeatable levels by time:
     D:4: 1842 daAuts
    D:11: 1723 daAuts
     D:7: 1594 daAuts
     D:5: 1448 daAuts
     D:3: 1407 daAuts
     D:8: 1218 daAuts
     D:6: 1083 daAuts
     D:2: 991 daAuts
   Sewer: 986 daAuts
     D:1: 824 daAuts
     D:9: 713 daAuts
    D:10: 496 daAuts
  Lair:1: 199 daAuts
    D:12: 42 daAuts
  Temple: 20 daAuts
